[ AOE2 MATCH · #472323406 ]
UnrankedByzantines vs Chinese
[ REPLAY ANALYSIS · EXTRACTED FROM THE RECORDED GAME ]
Feudal
11:01
Castle
15:20
Imperial
30:14
| APM avg | 28.6 |
| APM peak | 88 |
| eAPM avg | 18.3 |
| Villagers / military | 160 / 484 |
Focus
⚔️ 30.2% · 🌾 69.8%
Skirmisher ×235 · Scout Cavalry ×148 · Spearman ×65 · Cataphract ×20 · Mangonel ×6 · Trebuchet (Packed) ×6
Feudal
12:04
Castle
16:11
Imperial
34:49
| APM avg | 56.4 |
| APM peak | 134 |
| eAPM avg | 26.8 |
| Villagers / military | 150 / 222 |
Focus
⚔️ 35.0% · 🌾 65.0%
Archer ×111 · Chu Ko Nu ×45 · Trade Cart ×25 · Fire Lancer ×19 · Battering Ram ×19 · Iron Pagoda ×14
Feudal
10:59
Castle
14:33
Imperial
28:04
| APM avg | 53.1 |
| APM peak | 106 |
| eAPM avg | 22.7 |
| Villagers / military | 138 / 451 |
Focus
⚔️ 40.3% · 🌾 59.7%
Spearman ×243 · Eagle Scout ×82 · Plumed Archer ×46 · Scorpion ×44 · Battering Ram ×20 · Trade Cart ×12
Feudal
11:22
Castle
14:55
Imperial
27:22
| APM avg | 37.7 |
| APM peak | 93 |
| eAPM avg | 23.2 |
| Villagers / military | 211 / 648 |
Focus
⚔️ 45.9% · 🌾 54.1%
Scout Cavalry ×323 · Obuch ×206 · Archer ×90 · Trebuchet (Packed) ×15 · Bombard Cannon ×8 · Knight ×5
Feudal
11:21
Castle
14:53
Imperial
28:56
| APM avg | 45.9 |
| APM peak | 85 |
| eAPM avg | 27.0 |
| Villagers / military | 153 / 339 |
Focus
⚔️ 57.8% · 🌾 42.2%
Scout Cavalry ×183 · Knight ×71 · Serjeant ×65 · Trade Cart ×64 · Battering Ram ×16 · Trebuchet (Packed) ×2
Feudal
10:57
Castle
14:46
Imperial
29:43
| APM avg | 38.1 |
| APM peak | 79 |
| eAPM avg | 21.7 |
| Villagers / military | 160 / 226 |
Focus
⚔️ 53.5% · 🌾 46.5%
Spearman ×114 · Hand Cannoneer ×61 · Skirmisher ×31 · Archer ×7 · Bombard Cannon ×5 · Scorpion ×3
Feudal
11:21
Castle
15:03
Imperial
34:49
| APM avg | 44.1 |
| APM peak | 82 |
| eAPM avg | 24.0 |
| Villagers / military | 132 / 342 |
Focus
⚔️ 49.4% · 🌾 50.6%
Skirmisher ×117 · Scout Cavalry ×99 · Gbeto ×95 · Battering Ram ×21 · Trade Cart ×11 · Bombard Cannon ×7
Feudal
11:10
Castle
14:41
Imperial
38:04
| APM avg | 32.7 |
| APM peak | 86 |
| eAPM avg | 18.0 |
| Villagers / military | 121 / 72 |
Focus
⚔️ 35.8% · 🌾 64.2%
Eagle Scout ×23 · Monk ×22 · Jaguar Warrior ×19 · Mangonel ×4 · Battering Ram ×2 · Trebuchet (Packed) ×2
Match map
Initial resources + every placement click. Lines = walls · curves = elevation contours. ◆ gold · ⬟ stone · ● berries · ✦ relic · ◌ wall gap
Your base· ✓ Closed at 15:20 · 0t walls · 2 gate(s)
TW_andy.fet's base· ✓ Closed at 16:11 · 0t walls · 2 gate(s)
YT TW_Jerry twitch.tv/twnb_jerry's base· ✓ Closed at 14:33 · 0t walls · 2 gate(s)
TW_Mark's base· ✓ Closed at 14:55 · 0t walls · 2 gate(s)
Ray.bb's base· ✓ Closed at 14:53 · 0t walls · 2 gate(s)
游樂比(ULB)'s base· ✓ Closed at 14:46 · 0t walls · 2 gate(s)
TW_彰化人's base· ✓ Closed at 15:03 · 0t walls · 2 gate(s)
TW_HIHAO's base· ✓ Closed at 14:41 · 0t walls · 2 gate(s)
Smoothed initial terrain · ◌ = detected wall gap · hover for details
Inputs per minute
— TW_阿倫 - - TW_andy.fet
Build order — TW_阿倫
First 150 of 516 actions detected
| 0:00 | Create | Villager (Male) |
| 0:00 | Create | Villager (Male) |
| 0:01 | Create | Villager (Male) |
| 0:02 | Build | House |
| 0:03 | Build | House |
| 0:04 | Create | Villager (Male) |
| 0:04 | Create | Villager (Male) |
| 1:36 | Create | Villager (Male) |
| 1:36 | Create | Villager (Male) |
| 2:02 | Create | Villager (Male) |
| 2:24 | Create | Villager (Male) |
| 2:24 | Create | Villager (Male) |
| 2:24 | Create | Villager (Male) |
| 2:36 | Build | Lumber Camp |
| 3:19 | Create | Villager (Male) |
| 3:19 | Create | Villager (Male) |
| 3:20 | Create | Villager (Male) |
| 3:57 | Create | Villager (Male) |
| 4:25 | Create | Villager (Male) |
| 4:26 | Create | Villager (Male) |
| 4:33 | Build | House |
| 4:40 | Research | Loom |
| 4:41 | Create | Villager (Male) |
| 4:41 | Create | Villager (Male) |
| 5:01 | Build | House |
| 5:02 | Create | Villager (Male) |
| 5:03 | Create | Villager (Male) |
| 5:03 | Create | Villager (Male) |
| 5:34 | Create | Villager (Male) |
| 5:34 | Create | Villager (Male) |
| 5:40 | Build | House |
| 6:47 | Create | Villager (Male) |
| 6:48 | Create | Villager (Male) |
| 8:09 | Build | Mining Camp |
| 8:43 | Build | Mill |
| 8:47 | Research | Feudal Age |
| 9:07 | Build | Mining Camp |
| 9:37 | Build | Farm |
| 9:41 | Build | Farm |
| 9:43 | Build | Farm |
| 9:46 | Build | Farm |
| 9:56 | Create | Villager (Male) |
| 9:56 | Create | Villager (Male) |
| 11:01 | Age | Feudal Age |
| 11:11 | Build | Market |
| 11:51 | Create | Villager (Male) |
| 12:00 | Build | Blacksmith |
| 12:16 | Build | Farm |
| 12:20 | Create | Villager (Male) |
| 12:40 | Research | Castle Age |
| 14:00 | Research | Double-Bit Axe |
| 14:01 | Research | Horse Collar |
| 14:27 | Build | Farm |
| 14:29 | Create | Villager (Male) |
| 14:30 | Create | Villager (Male) |
| 15:20 | Age | Castle Age |
| 15:33 | Build | Town Center |
| 15:36 | Build | Town Center |
| 15:55 | Build | Farm |
| 15:59 | Build | Farm |
| 16:02 | Build | Farm |
| 16:30 | Create | Villager (Male) |
| 16:30 | Create | Villager (Male) |
| 16:44 | Build | Farm |
| 16:47 | Build | Farm |
| 17:00 | Research | Wheelbarrow |
| 17:10 | Build | House |
| 17:13 | Build | House |
| 17:37 | Create | Villager (Male) |
| 17:38 | Create | Villager (Male) |
| 17:45 | Create | Villager (Male) |
| 17:45 | Create | Villager (Male) |
| 17:49 | Create | Villager (Male) |
| 17:50 | Create | Villager (Male) |
| 17:51 | Create | Villager (Male) |
| 17:51 | Create | Villager (Male) |
| 17:51 | Create | Villager (Male) |
| 17:52 | Create | Villager (Male) |
| 17:52 | Create | Villager (Male) |
| 17:52 | Create | Villager (Male) |
| 17:53 | Create | Villager (Male) |
| 18:03 | Build | Farm |
| 18:07 | Build | Farm |
| 18:16 | Build | Farm |
| 18:20 | Create | Villager (Male) |
| 18:35 | Build | Farm |
| 18:45 | Research | Bow Saw |
| 19:02 | Build | Farm |
| 19:05 | Create | Villager (Male) |
| 19:06 | Create | Villager (Male) |
| 19:10 | Create | Villager (Male) |
| 19:21 | Build | Farm |
| 19:34 | Build | Farm |
| 19:41 | Create | Villager (Male) |
| 19:43 | Create | Villager (Male) |
| 19:44 | Create | Villager (Male) |
| 19:51 | Create | Villager (Male) |
| 20:08 | Create | Villager (Male) |
| 20:30 | Build | House |
| 20:32 | Build | House |
| 20:33 | Build | House |
| 20:39 | Build | Farm |
| 20:40 | Build | Farm |
| 20:40 | Build | Farm |
| 20:40 | Build | Farm |
| 20:41 | Build | Farm |
| 20:42 | Build | Farm |
| 20:43 | Build | Farm |
| 20:46 | Build | Farm |
| 20:51 | Build | Farm |
| 20:54 | Create | Villager (Male) |
| 20:54 | Create | Villager (Male) |
| 20:54 | Create | Villager (Male) |
| 20:55 | Create | Villager (Male) |
| 20:55 | Create | Villager (Male) |
| 20:55 | Create | Villager (Male) |
| 21:16 | Build | Siege Workshop |
| 21:19 | Build | House |
| 21:21 | Build | House |
| 21:24 | Build | House |
| 21:34 | Build | Siege Workshop |
| 21:51 | Create | Villager (Male) |
| 21:52 | Create | Villager (Male) |
| 21:52 | Create | Villager (Male) |
| 21:57 | Create | Mangonel |
| 22:03 | Create | Villager (Male) |
| 22:05 | Create | Villager (Male) |
| 22:05 | Create | Villager (Male) |
| 22:13 | Create | Mangonel |
| 22:17 | Create | Villager (Male) |
| 22:17 | Create | Villager (Male) |
| 22:18 | Create | Villager (Male) |
| 22:28 | Create | Villager (Male) |
| 22:28 | Create | Villager (Male) |
| 22:40 | Create | Mangonel |
| 23:23 | Create | Mangonel |
| 23:27 | Create | Villager (Male) |
| 23:27 | Create | Villager (Male) |
| 23:28 | Create | Villager (Male) |
| 23:28 | Create | Villager (Male) |
| 23:28 | Create | Villager (Male) |
| 23:28 | Create | Villager (Male) |
| 23:29 | Create | Villager (Male) |
| 23:29 | Create | Villager (Male) |
| 23:29 | Create | Villager (Male) |
| 24:15 | Create | Villager (Male) |
| 24:15 | Create | Villager (Male) |
| 24:16 | Create | Villager (Male) |
| 24:16 | Create | Villager (Male) |
| 24:17 | Create | Villager (Male) |
Build order — TW_andy.fet
First 150 of 391 actions detected
| 0:06 | Build | House |
| 0:09 | Build | House |
| 1:00 | Create | Villager (Male) |
| 1:00 | Create | Villager (Male) |
| 1:32 | Build | Lumber Camp |
| 1:57 | Create | Villager (Male) |
| 1:57 | Create | Villager (Male) |
| 2:45 | Create | Villager (Male) |
| 2:46 | Create | Villager (Male) |
| 3:03 | Create | Villager (Male) |
| 3:03 | Create | Villager (Male) |
| 3:16 | Create | Villager (Male) |
| 3:46 | Create | Villager (Male) |
| 3:46 | Create | Villager (Male) |
| 4:16 | Create | Villager (Male) |
| 4:30 | Build | Mill |
| 4:56 | Create | Villager (Male) |
| 4:56 | Create | Villager (Male) |
| 4:56 | Create | Villager (Male) |
| 5:11 | Create | Villager (Male) |
| 5:11 | Create | Villager (Male) |
| 6:06 | Create | Villager (Male) |
| 6:06 | Create | Villager (Male) |
| 6:07 | Create | Villager (Male) |
| 6:07 | Create | Villager (Male) |
| 6:25 | Create | Villager (Male) |
| 6:37 | Build | House |
| 6:43 | Create | Villager (Male) |
| 7:09 | Build | Farm |
| 7:11 | Build | Farm |
| 7:16 | Create | Villager (Male) |
| 7:16 | Create | Villager (Male) |
| 7:16 | Create | Villager (Male) |
| 7:57 | Create | Villager (Male) |
| 8:19 | Build | Mining Camp |
| 8:42 | Build | Farm |
| 9:35 | Build | Mining Camp |
| 9:54 | Research | Feudal Age |
| 9:54 | Create | Villager (Male) |
| 9:54 | Create | Villager (Male) |
| 9:55 | Create | Villager (Male) |
| 12:04 | Age | Feudal Age |
| 12:07 | Build | Market |
| 12:10 | Build | Blacksmith |
| 12:32 | Build | House |
| 13:28 | Research | Loom |
| 13:31 | Research | Castle Age |
| 13:48 | Create | Villager (Male) |
| 13:49 | Create | Villager (Male) |
| 13:50 | Research | Double-Bit Axe |
| 14:06 | Build | Farm |
| 14:08 | Build | Farm |
| 14:09 | Create | Villager (Male) |
| 14:09 | Create | Villager (Male) |
| 14:53 | Build | Mining Camp |
| 15:04 | Research | Horse Collar |
| 15:11 | Build | Lumber Camp |
| 16:11 | Age | Castle Age |
| 16:20 | Build | Farm |
| 16:21 | Build | Farm |
| 16:21 | Build | Farm |
| 16:32 | Build | Castle |
| 16:47 | Create | Villager (Male) |
| 17:06 | Build | Farm |
| 17:06 | Build | Farm |
| 17:11 | Create | Villager (Male) |
| 17:16 | Create | Villager (Male) |
| 17:16 | Create | Villager (Male) |
| 17:16 | Create | Villager (Male) |
| 17:45 | Create | Villager (Male) |
| 18:09 | Create | Chu Ko Nu |
| 18:10 | Create | Chu Ko Nu |
| 18:12 | Create | Petard |
| 18:12 | Create | Petard |
| 18:13 | Create | Petard |
| 18:13 | Create | Petard |
| 18:13 | Create | Chu Ko Nu |
| 18:14 | Create | Chu Ko Nu |
| 18:14 | Create | Chu Ko Nu |
| 18:16 | Create | Chu Ko Nu |
| 18:16 | Create | Chu Ko Nu |
| 18:16 | Create | Chu Ko Nu |
| 18:27 | Build | Siege Workshop |
| 18:30 | Create | Chu Ko Nu |
| 18:35 | Create | Villager (Male) |
| 18:35 | Create | Villager (Male) |
| 18:46 | Build | House |
| 18:51 | Create | Villager (Male) |
| 18:52 | Create | Villager (Male) |
| 18:56 | Build | House |
| 18:57 | Build | House |
| 19:03 | Create | Villager (Male) |
| 19:03 | Create | Villager (Male) |
| 19:07 | Build | House |
| 19:18 | Create | Villager (Male) |
| 19:29 | Build | Farm |
| 19:33 | Build | Farm |
| 19:56 | Create | Iron Pagoda |
| 19:59 | Create | Petard |
| 20:02 | Create | Chu Ko Nu |
| 20:16 | Create | Chu Ko Nu |
| 20:16 | Create | Chu Ko Nu |
| 20:20 | Create | Chu Ko Nu |
| 20:37 | Create | Chu Ko Nu |
| 20:37 | Create | Chu Ko Nu |
| 21:21 | Create | Villager (Male) ×5 |
| 21:22 | Create | Villager (Male) ×5 |
| 21:22 | Create | Villager (Male) ×2 |
| 21:31 | Create | Chu Ko Nu ×5 |
| 21:31 | Create | Chu Ko Nu ×2 |
| 21:38 | Create | Villager (Male) ×2 |
| 22:04 | Create | Chu Ko Nu ×3 |
| 22:15 | Create | Villager (Male) ×2 |
| 22:16 | Create | Villager (Male) ×2 |
| 23:09 | Create | Villager (Male) ×4 |
| 23:34 | Create | Battering Ram |
| 23:34 | Create | Battering Ram |
| 23:34 | Create | Battering Ram |
| 24:10 | Create | Iron Pagoda |
| 24:18 | Create | Villager (Male) ×3 |
| 24:18 | Research | Loom |
| 24:24 | Build | Town Center |
| 24:27 | Build | Town Center |
| 24:32 | Build | Town Center |
| 25:02 | Create | Villager (Male) ×2 |
| 25:05 | Research | Loom |
| 25:05 | Research | Loom |
| 25:07 | Research | Loom |
| 25:08 | Research | Loom |
| 25:08 | Research | Loom |
| 25:16 | Create | Villager (Male) |
| 25:17 | Create | Villager (Male) |
| 25:17 | Create | Villager (Male) |
| 25:21 | Research | Wheelbarrow |
| 25:21 | Research | Wheelbarrow |
| 25:22 | Create | Villager (Male) |
| 25:22 | Create | Villager (Male) |
| 25:55 | Create | Villager (Male) ×2 |
| 26:02 | Build | Town Center |
| 26:07 | Build | Farm |
| 26:07 | Build | Farm |
| 26:07 | Build | Farm |
| 26:07 | Build | Farm |
| 26:07 | Build | Farm |
| 26:08 | Build | Farm |
| 26:56 | Create | Villager (Male) ×4 |
| 26:56 | Research | Loom |
| 27:01 | Build | Palisade Wall |
| 27:07 | Build | Farm |
| 27:07 | Build | Farm |
Build order — YT TW_Jerry twitch.tv/twnb_jerry
First 150 of 529 actions detected
| 0:01 | Create | Villager (Male) ×3 |
| 0:03 | Research | Loom |
| 0:05 | Build | House |
| 0:07 | Build | House |
| 0:14 | Create | Villager (Male) |
| 0:14 | Create | Villager (Male) |
| 0:14 | Create | Villager (Male) |
| 1:26 | Create | Villager (Male) |
| 2:03 | Create | Villager (Male) |
| 2:04 | Create | Villager (Male) |
| 2:16 | Build | Lumber Camp |
| 2:35 | Create | Villager (Male) |
| 2:36 | Create | Villager (Male) |
| 3:08 | Create | Villager (Male) |
| 3:08 | Create | Villager (Male) |
| 3:46 | Create | Villager (Male) |
| 3:46 | Create | Villager (Male) |
| 3:47 | Create | Villager (Male) |
| 3:54 | Build | House |
| 3:55 | Build | House |
| 3:55 | Build | House |
| 4:02 | Create | Villager (Male) |
| 4:24 | Create | Villager (Male) |
| 4:51 | Create | Villager (Male) |
| 5:13 | Create | Villager (Male) |
| 5:15 | Create | Villager (Male) |
| 5:57 | Create | Villager (Male) |
| 6:47 | Build | Lumber Camp |
| 6:59 | Build | Mill |
| 7:27 | Create | Villager (Male) |
| 7:27 | Create | Villager (Male) |
| 7:27 | Create | Villager (Male) |
| 7:52 | Build | Farm |
| 7:54 | Build | Farm |
| 7:56 | Build | Farm |
| 8:36 | Build | Mining Camp |
| 8:43 | Research | Feudal Age |
| 10:42 | Create | Villager (Male) |
| 10:42 | Create | Villager (Male) |
| 10:59 | Age | Feudal Age |
| 11:01 | Build | Blacksmith |
| 11:02 | Build | Market |
| 11:28 | Build | House |
| 11:29 | Build | House |
| 11:36 | Research | Double-Bit Axe |
| 11:53 | Research | Castle Age |
| 12:32 | Research | Horse Collar |
| 14:33 | Age | Castle Age |
| 14:35 | Build | Town Center |
| 14:37 | Build | Town Center |
| 14:38 | Create | Villager (Male) |
| 14:38 | Create | Villager (Male) |
| 14:40 | Research | Bow Saw |
| 14:56 | Research | Heavy Plow |
| 15:28 | Create | Villager (Male) |
| 15:42 | Build | Farm |
| 15:44 | Build | Farm |
| 15:49 | Create | Villager (Male) |
| 15:59 | Build | Town Center |
| 16:06 | Build | Farm |
| 16:16 | Create | Villager (Male) |
| 16:20 | Create | Villager (Male) |
| 16:21 | Build | Farm |
| 16:25 | Build | Farm |
| 16:34 | Create | Villager (Male) |
| 16:35 | Create | Villager (Male) |
| 16:51 | Create | Villager (Male) |
| 16:51 | Create | Villager (Male) |
| 16:51 | Create | Villager (Male) |
| 16:52 | Build | Farm |
| 16:52 | Build | Farm |
| 17:06 | Create | Villager (Male) |
| 17:06 | Create | Villager (Male) |
| 17:08 | Build | Farm |
| 17:10 | Build | Farm |
| 17:29 | Create | Villager (Male) |
| 17:31 | Build | Farm |
| 17:31 | Build | Farm |
| 17:38 | Create | Villager (Male) |
| 17:48 | Build | Monastery |
| 17:49 | Create | Villager (Male) |
| 17:52 | Build | Farm |
| 17:53 | Build | Farm |
| 17:59 | Create | Villager (Male) |
| 18:06 | Build | Farm |
| 18:10 | Create | Villager (Male) |
| 18:15 | Create | Villager (Male) |
| 18:17 | Build | Farm |
| 18:19 | Create | Villager (Male) |
| 18:24 | Build | Farm |
| 18:34 | Build | Farm |
| 18:36 | Create | Villager (Male) |
| 18:36 | Create | Villager (Male) |
| 18:39 | Build | House |
| 18:39 | Build | House |
| 18:42 | Create | Monk |
| 18:44 | Create | Villager (Male) |
| 18:44 | Create | Villager (Male) |
| 18:47 | Create | Villager (Male) |
| 18:49 | Build | Farm |
| 18:54 | Build | Farm |
| 19:02 | Create | Villager (Male) |
| 19:09 | Build | Farm |
| 19:09 | Build | Farm |
| 19:11 | Create | Villager (Male) |
| 19:16 | Create | Villager (Male) |
| 19:17 | Create | Villager (Male) |
| 19:25 | Create | Villager (Male) |
| 19:27 | Build | Farm |
| 19:33 | Create | Villager (Male) |
| 19:39 | Build | Farm |
| 19:41 | Build | Farm |
| 19:44 | Create | Villager (Male) |
| 19:44 | Create | Villager (Male) |
| 19:44 | Create | Villager (Male) |
| 19:46 | Build | House |
| 19:46 | Build | House |
| 19:47 | Build | House |
| 19:54 | Build | Farm |
| 19:56 | Build | Farm |
| 19:58 | Create | Villager (Male) |
| 20:04 | Create | Villager (Male) |
| 20:05 | Create | Villager (Male) |
| 20:11 | Create | Monk |
| 20:11 | Create | Monk |
| 20:16 | Create | Villager (Male) |
| 20:17 | Create | Villager (Male) |
| 20:28 | Create | Villager (Male) |
| 20:29 | Create | Villager (Male) |
| 20:29 | Create | Villager (Male) |
| 20:36 | Build | Farm |
| 20:36 | Build | Farm |
| 20:37 | Create | Villager (Male) |
| 20:44 | Create | Villager (Male) |
| 20:44 | Create | Villager (Male) |
| 20:48 | Build | Mining Camp |
| 20:52 | Create | Villager (Male) |
| 20:52 | Create | Villager (Male) |
| 20:52 | Create | Villager (Male) |
| 20:54 | Build | Farm |
| 21:01 | Build | Farm |
| 21:06 | Create | Villager (Male) |
| 21:08 | Build | Farm |
| 21:09 | Build | Farm |
| 21:10 | Create | Villager (Male) |
| 21:11 | Create | Villager (Male) |
| 21:14 | Build | House |
| 21:15 | Build | House |
| 21:16 | Build | House |
| 21:16 | Build | House |
Build order — TW_Mark
First 150 of 535 actions detected
| 0:01 | Create | Villager (Male) ×4 |
| 0:03 | Build | House |
| 0:04 | Build | House |
| 1:22 | Create | Villager (Male) |
| 1:23 | Create | Villager (Male) |
| 1:50 | Create | Villager (Male) |
| 2:12 | Build | House |
| 2:13 | Build | House |
| 2:20 | Build | Lumber Camp |
| 2:23 | Create | Villager (Male) |
| 2:24 | Create | Villager (Male) |
| 3:10 | Create | Villager (Male) |
| 3:10 | Create | Villager (Male) |
| 3:26 | Create | Villager (Male) |
| 4:17 | Research | Loom |
| 4:25 | Create | Villager (Male) |
| 4:25 | Create | Villager (Male) |
| 4:59 | Create | Villager (Male) |
| 5:06 | Create | Villager (Male) |
| 5:27 | Create | Villager (Male) |
| 5:43 | Build | Mill |
| 5:50 | Create | Villager (Male) |
| 6:15 | Create | Villager (Male) |
| 6:40 | Create | Villager (Male) |
| 7:20 | Create | Villager (Male) |
| 7:38 | Build | Mining Camp |
| 8:07 | Build | Farm |
| 8:09 | Build | Farm |
| 8:15 | Create | Villager (Male) |
| 8:19 | Create | Villager (Male) |
| 8:47 | Create | Villager (Male) |
| 8:50 | Build | Farm |
| 8:56 | Research | Feudal Age |
| 8:56 | Research | Feudal Age |
| 9:15 | Build | Farm |
| 9:55 | Create | Villager (Male) |
| 9:56 | Create | Villager (Male) |
| 11:22 | Age | Feudal Age |
| 11:26 | Build | Market |
| 11:33 | Build | Blacksmith |
| 11:49 | Research | Horse Collar |
| 12:02 | Build | House |
| 12:15 | Research | Castle Age |
| 12:33 | Build | Farm |
| 12:37 | Create | Villager (Male) |
| 12:37 | Create | Villager (Male) |
| 12:48 | Research | Double-Bit Axe |
| 12:58 | Build | Farm |
| 13:12 | Create | Villager (Male) |
| 13:29 | Build | Farm |
| 14:55 | Age | Castle Age |
| 14:59 | Create | Villager (Male) |
| 15:03 | Build | Town Center |
| 15:12 | Build | Town Center |
| 15:16 | Research | Heavy Plow |
| 15:17 | Research | Heavy Plow |
| 15:17 | Research | Bow Saw |
| 15:18 | Research | Bow Saw |
| 15:19 | Create | Villager (Male) |
| 15:59 | Build | House |
| 15:59 | Build | House |
| 16:00 | Build | House |
| 16:01 | Build | House |
| 16:03 | Create | Villager (Male) |
| 16:22 | Create | Villager (Male) |
| 16:24 | Create | Villager (Male) |
| 16:30 | Build | House |
| 16:43 | Create | Villager (Male) |
| 16:43 | Create | Villager (Male) |
| 17:03 | Create | Villager (Male) ×5 |
| 17:18 | Build | Mill |
| 17:19 | Build | Farm |
| 17:19 | Build | Farm |
| 17:20 | Build | Farm |
| 17:20 | Build | Farm |
| 17:20 | Build | Farm |
| 17:20 | Build | Farm |
| 17:22 | Create | Villager (Male) |
| 17:32 | Build | House |
| 17:33 | Build | House |
| 17:46 | Build | Lumber Camp |
| 17:53 | Create | Villager (Male) ×3 |
| 18:02 | Build | Farm |
| 18:03 | Build | Farm |
| 18:09 | Build | Farm |
| 18:14 | Create | Villager (Male) ×4 |
| 18:30 | Create | Villager (Male) |
| 18:43 | Research | Wheelbarrow |
| 18:43 | Research | Wheelbarrow |
| 18:44 | Create | Villager (Male) |
| 18:46 | Create | Villager (Male) |
| 18:46 | Create | Villager (Male) |
| 18:55 | Build | Mill |
| 18:58 | Build | Farm |
| 18:58 | Build | Farm |
| 18:58 | Build | Farm |
| 18:58 | Build | Farm |
| 18:58 | Build | Farm |
| 19:00 | Build | Farm |
| 19:00 | Build | Farm |
| 19:03 | Create | Villager (Male) ×2 |
| 19:11 | Build | Farm |
| 19:18 | Build | Farm |
| 19:19 | Build | Farm |
| 19:23 | Create | Villager (Male) ×2 |
| 19:26 | Build | House |
| 19:29 | Build | House |
| 19:29 | Build | House |
| 19:42 | Build | Farm |
| 19:43 | Build | Farm |
| 19:51 | Create | Villager (Male) ×4 |
| 19:58 | Research | Stone Mining |
| 20:08 | Build | House |
| 20:08 | Build | House |
| 20:17 | Build | Farm |
| 20:20 | Build | Farm |
| 20:31 | Create | Villager (Male) ×5 |
| 20:39 | Research | Gold Mining |
| 20:40 | Build | House |
| 20:40 | Build | House |
| 20:42 | Build | House |
| 20:42 | Build | House |
| 20:42 | Build | House |
| 20:50 | Build | Farm |
| 21:03 | Create | Villager (Male) ×5 |
| 21:23 | Build | Mill |
| 21:23 | Build | Farm |
| 21:23 | Build | Farm |
| 21:23 | Build | Farm |
| 21:24 | Build | Farm |
| 21:24 | Build | Farm |
| 21:25 | Build | Farm |
| 21:31 | Create | Villager (Male) ×5 |
| 21:47 | Build | Farm |
| 22:30 | Create | Villager (Male) ×5 |
| 22:33 | Build | University |
| 22:34 | Build | House |
| 22:45 | Create | Villager (Male) ×5 |
| 22:57 | Research | Loom |
| 22:57 | Create | Villager (Male) |
| 22:58 | Create | Villager (Male) |
| 23:17 | Build | Monastery |
| 23:23 | Create | Villager (Male) ×5 |
| 23:37 | Build | Castle |
| 23:38 | Build | Mining Camp |
| 24:08 | Research | Imperial Age |
| 24:12 | Create | Villager (Male) ×5 |
| 24:26 | Build | Barracks |
| 24:34 | Research | Hand Cart |
| 24:35 | Research | Town Watch |
Build order — Ray.bb
First 150 of 585 actions detected
| 0:00 | Create | Villager (Male) |
| 0:00 | Create | Villager (Male) |
| 0:01 | Create | Villager (Male) |
| 0:02 | Build | House |
| 0:04 | Build | House |
| 0:08 | Create | Villager (Male) |
| 0:09 | Create | Villager (Male) |
| 1:23 | Create | Villager (Male) |
| 1:49 | Build | Lumber Camp |
| 1:59 | Create | Villager (Male) |
| 2:24 | Create | Villager (Male) |
| 2:51 | Create | Villager (Male) |
| 3:11 | Create | Villager (Male) |
| 3:32 | Create | Villager (Male) |
| 3:51 | Build | House |
| 3:52 | Build | House |
| 3:53 | Build | House |
| 3:59 | Create | Villager (Male) |
| 4:07 | Create | Villager (Male) |
| 4:26 | Create | Villager (Male) |
| 4:49 | Create | Villager (Male) |
| 5:00 | Create | Villager (Male) |
| 5:14 | Build | Mill |
| 5:41 | Create | Villager (Male) |
| 5:41 | Create | Villager (Male) |
| 5:42 | Create | Villager (Male) |
| 6:13 | Create | Villager (Male) |
| 6:14 | Create | Villager (Male) |
| 6:14 | Create | Villager (Male) |
| 6:59 | Create | Villager (Male) |
| 7:00 | Create | Villager (Male) |
| 7:13 | Create | Villager (Male) |
| 7:13 | Create | Villager (Male) |
| 7:57 | Build | Mining Camp |
| 8:38 | Research | Feudal Age |
| 9:43 | Create | Villager (Male) |
| 9:43 | Create | Villager (Male) |
| 11:21 | Age | Feudal Age |
| 11:22 | Build | Market |
| 11:25 | Build | Blacksmith |
| 12:13 | Research | Castle Age |
| 12:32 | Research | Double-Bit Axe |
| 12:32 | Research | Double-Bit Axe |
| 12:54 | Research | Horse Collar |
| 13:24 | Create | Villager (Male) |
| 13:25 | Build | Farm |
| 13:26 | Build | Farm |
| 13:41 | Build | Farm |
| 13:43 | Build | Farm |
| 13:45 | Build | Farm |
| 13:46 | Build | Farm |
| 13:47 | Build | Farm |
| 14:53 | Age | Castle Age |
| 14:56 | Build | Town Center |
| 14:59 | Build | Town Center |
| 15:14 | Build | Town Center |
| 15:18 | Create | Villager (Male) |
| 15:32 | Create | Villager (Male) |
| 15:40 | Research | Bow Saw |
| 15:41 | Research | Bow Saw |
| 15:55 | Create | Villager (Male) |
| 16:04 | Create | Villager (Male) |
| 16:12 | Build | Farm |
| 16:13 | Build | Farm |
| 16:27 | Create | Villager (Male) |
| 16:31 | Build | Farm |
| 16:32 | Build | Farm |
| 16:33 | Build | Farm |
| 16:41 | Build | Farm |
| 16:43 | Create | Villager (Male) |
| 16:49 | Build | Farm |
| 16:59 | Create | Villager (Male) |
| 17:08 | Build | Lumber Camp |
| 17:19 | Build | Farm |
| 17:19 | Create | Villager (Male) |
| 17:26 | Build | Farm |
| 17:29 | Create | Villager (Male) |
| 17:40 | Create | Villager (Male) |
| 17:46 | Build | Farm |
| 17:57 | Create | Villager (Male) |
| 18:02 | Research | Heavy Plow |
| 18:05 | Create | Villager (Male) |
| 18:13 | Build | House |
| 18:20 | Create | Villager (Male) |
| 18:25 | Build | Farm |
| 18:25 | Create | Villager (Male) |
| 18:27 | Build | Farm |
| 18:32 | Create | Villager (Male) |
| 18:43 | Build | Farm |
| 18:44 | Create | Villager (Male) |
| 18:56 | Create | Villager (Male) |
| 19:00 | Create | Villager (Male) |
| 19:06 | Create | Villager (Male) |
| 19:18 | Build | Donjon |
| 19:18 | Create | Villager (Male) |
| 19:21 | Build | Farm |
| 19:24 | Build | House |
| 19:26 | Create | Villager (Male) |
| 19:35 | Build | Farm |
| 19:35 | Create | Villager (Male) |
| 19:38 | Create | Villager (Male) |
| 19:53 | Research | Wheelbarrow |
| 19:55 | Build | Farm |
| 19:56 | Build | Farm |
| 19:57 | Create | Villager (Male) |
| 20:01 | Build | Farm |
| 20:03 | Create | Villager (Male) |
| 20:18 | Build | Farm |
| 20:19 | Create | Villager (Male) |
| 20:20 | Create | Villager (Male) |
| 20:20 | Create | Villager (Male) |
| 20:29 | Build | House |
| 20:31 | Create | Villager (Male) |
| 20:34 | Build | House |
| 20:40 | Create | Villager (Male) |
| 20:42 | Create | Villager (Male) |
| 20:51 | Create | Serjeant |
| 21:01 | Build | House |
| 21:03 | Create | Villager (Male) |
| 21:05 | Create | Villager (Male) |
| 21:07 | Build | Farm |
| 21:09 | Create | Villager (Male) |
| 21:11 | Create | Villager (Male) |
| 21:17 | Build | Farm |
| 21:20 | Build | Farm |
| 21:20 | Create | Villager (Male) |
| 21:27 | Build | Farm |
| 21:28 | Create | Villager (Male) |
| 21:31 | Build | House |
| 21:38 | Create | Villager (Male) |
| 21:41 | Create | Villager (Male) |
| 21:44 | Create | Villager (Male) |
| 21:45 | Create | Villager (Male) |
| 21:51 | Create | Villager (Male) |
| 21:56 | Build | House |
| 21:58 | Build | House |
| 22:05 | Create | Villager (Male) |
| 22:07 | Create | Serjeant |
| 22:14 | Create | Villager (Male) |
| 22:18 | Build | Farm |
| 22:19 | Build | Farm |
| 22:24 | Create | Villager (Male) |
| 22:25 | Create | Villager (Male) |
| 22:25 | Create | Villager (Male) |
| 22:44 | Create | Villager (Male) |
| 22:44 | Create | Villager (Male) |
| 22:48 | Build | Castle |
| 22:50 | Build | House |
| 22:52 | Create | Villager (Male) |
| 22:52 | Create | Villager (Male) |
Build order — 游樂比(ULB)
First 150 of 569 actions detected
| 0:01 | Create | Villager (Male) |
| 0:02 | Create | Villager (Male) |
| 0:02 | Create | Villager (Male) |
| 0:02 | Create | Villager (Male) |
| 0:04 | Build | House |
| 0:07 | Build | House |
| 1:22 | Create | Villager (Male) |
| 2:06 | Create | Villager (Male) |
| 2:06 | Create | Villager (Male) |
| 2:14 | Build | Lumber Camp |
| 2:33 | Create | Villager (Male) |
| 3:01 | Create | Villager (Male) |
| 3:01 | Create | Villager (Male) |
| 3:54 | Create | Villager (Male) |
| 3:54 | Create | Villager (Male) |
| 3:57 | Build | House |
| 3:58 | Build | House |
| 3:59 | Build | House |
| 4:01 | Create | Villager (Male) |
| 4:12 | Create | Villager (Male) |
| 4:36 | Create | Villager (Male) |
| 4:58 | Create | Villager (Male) |
| 5:06 | Build | Mill |
| 5:06 | Build | Mill |
| 6:21 | Create | Villager (Male) |
| 6:47 | Create | Villager (Male) |
| 7:20 | Create | Villager (Male) |
| 7:42 | Build | Farm |
| 7:43 | Build | Farm |
| 7:44 | Build | Farm |
| 7:47 | Create | Villager (Male) |
| 7:47 | Create | Villager (Male) |
| 8:29 | Build | Mining Camp |
| 8:32 | Research | Feudal Age |
| 9:52 | Create | Villager (Male) |
| 9:52 | Create | Villager (Male) |
| 10:57 | Age | Feudal Age |
| 11:00 | Build | Market |
| 11:03 | Build | Blacksmith |
| 11:22 | Build | House |
| 11:22 | Build | House |
| 12:06 | Research | Castle Age |
| 12:29 | Build | House |
| 12:31 | Research | Double-Bit Axe |
| 12:38 | Research | Horse Collar |
| 12:43 | Build | House |
| 13:33 | Build | House |
| 13:37 | Create | Villager (Male) |
| 14:46 | Age | Castle Age |
| 14:49 | Build | Siege Workshop |
| 14:52 | Create | Villager (Male) |
| 14:55 | Build | Town Center |
| 14:58 | Research | Bow Saw |
| 15:07 | Build | Farm |
| 15:29 | Create | Villager (Male) |
| 15:29 | Create | Villager (Male) |
| 15:29 | Create | Villager (Male) |
| 15:38 | Create | Villager (Male) |
| 15:39 | Create | Villager (Male) |
| 15:41 | Build | Farm |
| 15:43 | Build | Farm |
| 15:45 | Create | Battering Ram |
| 15:58 | Build | Farm |
| 15:59 | Create | Villager (Male) |
| 16:14 | Create | Villager (Male) |
| 16:20 | Build | Town Center |
| 16:44 | Create | Villager (Male) |
| 16:44 | Create | Villager (Male) |
| 16:49 | Create | Battering Ram |
| 16:58 | Build | Farm |
| 17:29 | Create | Villager (Male) |
| 17:30 | Create | Villager (Male) |
| 17:44 | Create | Scorpion |
| 17:45 | Create | Villager (Male) |
| 17:47 | Build | Farm |
| 17:56 | Create | Villager (Male) |
| 17:56 | Create | Villager (Male) |
| 17:59 | Build | Farm |
| 18:13 | Build | Farm |
| 18:15 | Create | Villager (Male) |
| 18:16 | Create | Villager (Male) |
| 18:31 | Create | Villager (Male) |
| 18:33 | Build | Farm |
| 18:38 | Build | Farm |
| 18:40 | Build | Farm |
| 18:44 | Build | Farm |
| 18:47 | Create | Villager (Male) |
| 19:02 | Build | Farm |
| 19:06 | Create | Villager (Male) |
| 19:06 | Create | Villager (Male) |
| 19:24 | Create | Villager (Male) |
| 19:24 | Create | Villager (Male) |
| 19:29 | Build | Farm |
| 19:29 | Build | Farm |
| 19:46 | Create | Villager (Male) |
| 19:47 | Create | Villager (Male) |
| 19:47 | Create | Villager (Male) |
| 20:03 | Create | Villager (Male) |
| 20:03 | Create | Villager (Male) |
| 20:03 | Create | Villager (Male) |
| 20:06 | Build | Farm |
| 20:10 | Build | Farm |
| 20:11 | Build | Farm |
| 20:11 | Build | Farm |
| 20:11 | Build | Farm |
| 20:13 | Build | Farm |
| 20:23 | Build | Town Center |
| 20:25 | Create | Villager (Male) |
| 20:33 | Create | Villager (Male) |
| 20:34 | Create | Villager (Male) |
| 20:45 | Build | Farm |
| 20:46 | Create | Villager (Male) |
| 20:49 | Create | Scorpion |
| 20:55 | Create | Villager (Male) |
| 20:58 | Build | Farm |
| 21:00 | Build | Farm |
| 21:05 | Create | Iron Pagoda |
| 21:07 | Create | Villager (Male) |
| 21:11 | Create | Villager (Male) |
| 21:11 | Create | Villager (Male) |
| 21:18 | Build | Farm |
| 21:21 | Build | Farm |
| 21:22 | Build | Farm |
| 21:30 | Build | Farm |
| 21:30 | Create | Villager (Male) |
| 21:31 | Create | Villager (Male) |
| 21:39 | Create | Iron Pagoda |
| 21:39 | Create | Villager (Male) |
| 21:39 | Create | Villager (Male) |
| 21:46 | Build | House |
| 21:49 | Build | House |
| 21:50 | Build | House |
| 22:00 | Create | Scorpion |
| 22:01 | Create | Villager (Male) |
| 22:01 | Create | Villager (Male) |
| 22:01 | Create | Villager (Male) |
| 22:07 | Build | Mill |
| 22:08 | Build | Farm |
| 22:22 | Create | Villager (Male) |
| 22:23 | Create | Villager (Male) |
| 22:28 | Create | Villager (Male) |
| 22:29 | Create | Villager (Male) |
| 22:29 | Create | Villager (Male) |
| 22:33 | Build | Farm |
| 22:38 | Create | Villager (Male) |
| 22:40 | Build | Farm |
| 22:41 | Create | Villager (Male) |
| 22:42 | Create | Villager (Male) |
| 22:46 | Build | Farm |
| 22:47 | Build | Farm |
Build order — TW_彰化人
First 150 of 477 actions detected
| 0:01 | Create | Villager (Male) |
| 0:02 | Build | House |
| 0:04 | Build | House |
| 0:07 | Create | Villager (Male) |
| 0:07 | Create | Villager (Male) |
| 0:10 | Create | Villager (Male) |
| 1:27 | Create | Villager (Male) |
| 2:05 | Create | Villager (Male) |
| 2:06 | Create | Villager (Male) |
| 2:06 | Create | Villager (Male) |
| 2:34 | Create | Villager (Male) |
| 3:11 | Create | Villager (Male) |
| 3:11 | Create | Villager (Male) |
| 3:32 | Build | House |
| 3:33 | Build | House |
| 3:40 | Create | Villager (Male) |
| 3:40 | Create | Villager (Male) |
| 3:51 | Build | Lumber Camp |
| 4:16 | Create | Villager (Male) |
| 4:16 | Create | Villager (Male) |
| 4:21 | Create | Villager (Male) |
| 4:47 | Build | House |
| 4:56 | Create | Villager (Male) |
| 4:56 | Create | Villager (Male) |
| 5:08 | Build | Mill |
| 5:29 | Create | Villager (Male) |
| 6:00 | Create | Villager (Male) |
| 6:01 | Create | Villager (Male) |
| 6:18 | Create | Villager (Male) |
| 6:19 | Create | Villager (Male) |
| 7:03 | Build | Farm |
| 7:11 | Build | Lumber Camp |
| 7:36 | Build | Farm |
| 7:41 | Build | Farm |
| 8:29 | Build | Mining Camp |
| 8:35 | Create | Villager (Male) |
| 9:10 | Research | Feudal Age |
| 9:23 | Build | Mining Camp |
| 10:06 | Build | House |
| 10:07 | Build | House |
| 11:14 | Build | House |
| 11:21 | Age | Feudal Age |
| 11:26 | Build | Market |
| 11:27 | Create | Villager (Male) |
| 11:31 | Build | Blacksmith |
| 11:58 | Create | Villager (Male) |
| 12:17 | Research | Castle Age |
| 12:39 | Research | Horse Collar |
| 12:46 | Research | Double-Bit Axe |
| 12:46 | Research | Double-Bit Axe |
| 12:55 | Build | Farm |
| 13:27 | Research | Gold Mining |
| 14:40 | Research | Scale Mail Armor |
| 14:40 | Research | Scale Mail Armor |
| 14:47 | Create | Villager (Male) |
| 14:48 | Create | Villager (Male) |
| 14:55 | Build | Farm |
| 14:58 | Build | Farm |
| 15:03 | Age | Castle Age |
| 15:05 | Create | Villager (Male) |
| 15:19 | Build | Siege Workshop |
| 15:45 | Build | Farm |
| 15:46 | Build | Farm |
| 16:16 | Build | Castle |
| 16:23 | Create | Villager (Male) |
| 16:33 | Create | Mangonel |
| 16:44 | Create | Battering Ram |
| 16:44 | Create | Battering Ram |
| 16:47 | Create | Villager (Male) |
| 16:49 | Create | Villager (Male) |
| 17:00 | Build | Farm |
| 17:03 | Build | Farm |
| 17:13 | Build | Farm |
| 17:30 | Create | Gbeto |
| 17:31 | Create | Gbeto |
| 17:31 | Create | Gbeto |
| 17:31 | Create | Gbeto |
| 17:43 | Create | Villager (Male) |
| 17:44 | Create | Gbeto |
| 17:56 | Build | Farm |
| 17:57 | Create | Villager (Male) |
| 18:00 | Create | Gbeto |
| 18:08 | Build | Farm |
| 18:09 | Build | Farm |
| 18:14 | Create | Gbeto |
| 18:28 | Create | Villager (Male) |
| 18:46 | Create | Battering Ram |
| 19:01 | Build | Farm |
| 19:02 | Create | Villager (Male) |
| 19:06 | Research | Loom |
| 19:12 | Create | Gbeto |
| 19:13 | Create | Gbeto |
| 19:21 | Create | Gbeto |
| 19:21 | Create | Gbeto |
| 19:54 | Create | Gbeto |
| 19:55 | Create | Gbeto |
| 20:10 | Create | Gbeto |
| 20:10 | Create | Gbeto |
| 20:11 | Create | Gbeto |
| 20:35 | Build | Gate |
| 20:40 | Create | Villager (Male) |
| 21:14 | Create | Gbeto |
| 21:14 | Create | Gbeto |
| 21:14 | Create | Gbeto |
| 21:23 | Create | Gbeto |
| 21:24 | Create | Gbeto |
| 21:31 | Build | Town Center |
| 21:39 | Build | Farm |
| 21:42 | Create | Gbeto |
| 21:42 | Create | Gbeto |
| 22:30 | Create | Villager (Male) |
| 22:30 | Create | Villager (Male) |
| 22:42 | Create | Villager (Male) |
| 22:43 | Create | Villager (Male) |
| 23:03 | Build | Town Center |
| 23:05 | Create | Villager (Male) |
| 23:05 | Create | Villager (Male) |
| 23:08 | Build | Farm |
| 23:08 | Build | Farm |
| 23:08 | Build | Farm |
| 23:10 | Create | Villager (Male) |
| 23:31 | Create | Mangonel |
| 23:39 | Build | Stone Wall |
| 23:40 | Build | Gate |
| 23:47 | Research | Forging |
| 23:49 | Create | Villager (Male) |
| 23:49 | Create | Villager (Male) |
| 23:55 | Build | House |
| 23:56 | Build | House |
| 23:57 | Build | House |
| 23:58 | Build | House |
| 24:04 | Build | House |
| 24:05 | Create | Villager (Male) |
| 24:05 | Create | Villager (Male) |
| 24:12 | Create | Gbeto |
| 24:15 | Create | Mangonel |
| 24:30 | Create | Villager (Male) |
| 24:33 | Build | Farm |
| 24:33 | Build | Farm |
| 24:34 | Build | Farm |
| 24:36 | Create | Villager (Male) |
| 24:48 | Build | Farm |
| 24:54 | Create | Villager (Male) |
| 24:55 | Create | Villager (Male) |
| 24:55 | Create | Villager (Male) |
| 25:49 | Create | Villager (Male) |
| 25:49 | Create | Villager (Male) |
| 26:04 | Create | Villager (Male) |
| 26:04 | Create | Villager (Male) |
| 26:04 | Create | Villager (Male) |
Build order — TW_HIHAO
First 150 of 381 actions detected
| 0:02 | Create | Villager (Male) |
| 0:03 | Create | Villager (Male) |
| 0:03 | Create | Villager (Male) |
| 0:04 | Build | House |
| 0:06 | Build | House |
| 0:18 | Create | Villager (Male) |
| 1:29 | Create | Villager (Male) |
| 1:57 | Create | Villager (Male) |
| 1:57 | Create | Villager (Male) |
| 2:18 | Build | Lumber Camp |
| 2:35 | Create | Villager (Male) |
| 2:47 | Create | Villager (Male) |
| 3:07 | Create | Villager (Male) |
| 3:51 | Build | House |
| 3:52 | Build | House |
| 3:53 | Build | House |
| 4:06 | Create | Villager (Male) |
| 4:06 | Create | Villager (Male) |
| 4:07 | Create | Villager (Male) |
| 4:07 | Create | Villager (Male) |
| 4:59 | Create | Villager (Male) |
| 5:15 | Create | Villager (Male) |
| 5:15 | Create | Villager (Male) |
| 5:17 | Build | Mill |
| 5:29 | Create | Villager (Male) |
| 5:29 | Create | Villager (Male) |
| 5:56 | Build | Farm |
| 6:21 | Build | Farm |
| 6:55 | Create | Villager (Male) |
| 7:16 | Create | Villager (Male) |
| 7:36 | Build | Farm |
| 7:40 | Create | Villager (Male) |
| 7:51 | Create | Villager (Male) |
| 8:08 | Build | Mining Camp |
| 9:00 | Research | Feudal Age |
| 9:41 | Create | Villager (Male) |
| 9:41 | Create | Villager (Male) |
| 11:10 | Age | Feudal Age |
| 11:13 | Build | Market |
| 11:15 | Build | Blacksmith |
| 11:45 | Research | Double-Bit Axe |
| 11:47 | Research | Horse Collar |
| 12:01 | Research | Castle Age |
| 12:35 | Build | Farm |
| 12:37 | Build | Farm |
| 12:39 | Build | Farm |
| 12:46 | Research | Scale Mail Armor |
| 13:18 | Build | Barracks |
| 14:03 | Build | House |
| 14:08 | Build | Barracks |
| 14:16 | Build | House |
| 14:17 | Build | House |
| 14:21 | Create | Villager (Male) |
| 14:23 | Research | Forging |
| 14:41 | Age | Castle Age |
| 14:43 | Research | Eagle Warrior (upgrade) |
| 14:49 | Build | Farm |
| 15:05 | Build | House |
| 15:06 | Create | Villager (Male) |
| 15:30 | Create | Villager (Male) |
| 15:41 | Build | Farm |
| 15:51 | Create | Eagle Scout |
| 15:52 | Create | Eagle Scout |
| 16:11 | Create | Eagle Scout |
| 16:11 | Create | Eagle Scout |
| 16:12 | Create | Villager (Male) |
| 16:16 | Build | House |
| 16:24 | Build | Farm |
| 16:26 | Build | Farm |
| 16:41 | Create | Villager (Male) |
| 16:50 | Build | Farm |
| 16:54 | Research | Chain Mail Armor |
| 17:00 | Create | Eagle Scout |
| 17:01 | Create | Eagle Scout |
| 17:01 | Create | Eagle Scout |
| 17:19 | Create | Eagle Scout |
| 17:20 | Create | Villager (Male) |
| 17:25 | Build | Farm |
| 17:28 | Build | Farm |
| 17:37 | Create | Eagle Scout |
| 17:48 | Create | Villager (Male) |
| 17:56 | Create | Eagle Scout |
| 17:57 | Create | Eagle Scout |
| 18:02 | Build | Farm |
| 18:06 | Create | Villager (Male) |
| 18:10 | Build | House |
| 18:13 | Create | Eagle Scout |
| 18:13 | Create | Eagle Scout |
| 18:27 | Create | Villager (Male) |
| 18:47 | Create | Eagle Scout |
| 18:47 | Create | Eagle Scout |
| 18:53 | Create | Villager (Male) |
| 18:55 | Build | House |
| 19:03 | Build | Mining Camp |
| 19:08 | Research | Squires |
| 19:19 | Create | Eagle Scout |
| 19:20 | Create | Eagle Scout |
| 19:56 | Create | Villager (Male) |
| 19:57 | Create | Villager (Male) |
| 19:59 | Create | Eagle Scout |
| 19:59 | Create | Eagle Scout |
| 19:59 | Create | Eagle Scout |
| 20:03 | Build | House |
| 20:25 | Create | Villager (Male) |
| 20:36 | Build | Archery Range |
| 20:40 | Research | Fletching |
| 20:41 | Research | Padded Archer Armor |
| 20:45 | Build | House |
| 20:47 | Create | Villager (Male) |
| 21:12 | Build | Monastery |
| 21:18 | Create | Villager (Male) |
| 21:22 | Build | House |
| 21:25 | Research | Gold Mining |
| 21:42 | Create | Villager (Male) |
| 22:01 | Build | Monastery |
| 22:03 | Create | Monk |
| 22:14 | Research | Sanctity |
| 22:20 | Create | Villager (Male) |
| 22:23 | Build | House |
| 22:24 | Create | Villager (Male) |
| 22:42 | Build | Town Center |
| 22:48 | Create | Monk |
| 23:11 | Create | Villager (Male) |
| 23:15 | Create | Monk |
| 23:21 | Build | Monastery |
| 23:25 | Create | Villager (Male) |
| 23:40 | Research | Squires |
| 23:48 | Create | Villager (Male) |
| 23:51 | Create | Villager (Male) |
| 24:00 | Build | Mining Camp |
| 24:03 | Research | Iron Casting |
| 24:08 | Research | Fervor |
| 24:19 | Research | Redemption |
| 24:35 | Create | Eagle Scout |
| 24:36 | Create | Eagle Scout |
| 24:36 | Create | Eagle Scout |
| 24:57 | Build | Palisade Wall |
| 25:40 | Create | Villager (Male) |
| 25:40 | Create | Villager (Male) |
| 25:42 | Create | Villager (Male) |
| 25:42 | Create | Villager (Male) |
| 25:52 | Build | Siege Workshop |
| 26:06 | Build | Gate |
| 26:13 | Research | Loom |
| 26:16 | Create | Mangonel |
| 26:18 | Build | Farm |
| 26:27 | Create | Monk |
| 26:27 | Create | Monk |
| 26:49 | Build | Stone Wall |
| 27:00 | Build | Farm |
Match timeline
| 10:57 | 游樂比(ULB) · age_up feudal |
| 10:59 | YT TW_Jerry twitch.tv/twnb_jerry · age_up feudal |
| 11:01 | TW_阿倫 · age_up feudal |
| 11:10 | TW_HIHAO · age_up feudal |
| 11:21 | Ray.bb · age_up feudal |
| 11:21 | TW_彰化人 · age_up feudal |
| 11:22 | TW_Mark · age_up feudal |
| 12:04 | TW_andy.fet · age_up feudal |
| 13:18 | TW_HIHAO · first_building Barracks |
| 14:33 | YT TW_Jerry twitch.tv/twnb_jerry · age_up castle |
| 14:41 | TW_HIHAO · age_up castle |
| 14:46 | 游樂比(ULB) · age_up castle |
| 14:49 | 游樂比(ULB) · first_building Siege Workshop |
| 14:53 | Ray.bb · age_up castle |
| 14:55 | TW_Mark · age_up castle |
| 15:03 | TW_彰化人 · age_up castle |
| 15:07 | Ray.bb · first_market_buy 100 wood |
| 15:14 | YT TW_Jerry twitch.tv/twnb_jerry · first_market_buy 100 stone |
| 15:19 | TW_彰化人 · first_building Siege Workshop |
| 15:20 | TW_阿倫 · age_up castle |
| 16:11 | TW_andy.fet · age_up castle |
| 16:16 | TW_彰化人 · first_building Castle |
| 16:32 | TW_andy.fet · first_building Castle |
| 16:36 | TW_HIHAO · first_market_sell 100 stone |
| 16:57 | TW_HIHAO · first_market_buy 100 food |
| 17:48 | YT TW_Jerry twitch.tv/twnb_jerry · first_building Monastery |
| 18:14 | 游樂比(ULB) · first_market_buy 100 food |
| 18:27 | TW_andy.fet · first_building Siege Workshop |
| 19:18 | Ray.bb · first_building Donjon |
| 20:36 | TW_HIHAO · first_building Archery Range |
| 21:12 | TW_HIHAO · first_building Monastery |
| 21:16 | TW_阿倫 · first_building Siege Workshop |
| 22:47 | TW_彰化人 · first_market_sell 100 wood |
| 22:48 | Ray.bb · first_building Castle |
| 22:48 | TW_彰化人 · first_market_buy 100 stone |
| 23:17 | TW_Mark · first_building Monastery |
| 23:37 | TW_Mark · first_building Castle |
| 23:39 | TW_彰化人 · wall_segment Stone Wall x6 |
| 24:26 | TW_Mark · first_building Barracks |
| 24:57 | TW_HIHAO · wall_segment Palisade Wall x1 |
| 24:59 | 游樂比(ULB) · first_building Barracks |
| 25:02 | TW_阿倫 · first_building Monastery |
| 25:04 | TW_Mark · first_building Stable |
| 25:06 | YT TW_Jerry twitch.tv/twnb_jerry · first_building Barracks |
| 25:40 | YT TW_Jerry twitch.tv/twnb_jerry · first_building Siege Workshop |
| 25:51 | 游樂比(ULB) · first_market_sell 100 wood |
| 25:51 | TW_阿倫 · first_market_sell 100 wood |
| 25:52 | TW_HIHAO · first_building Siege Workshop |
| 26:16 | YT TW_Jerry twitch.tv/twnb_jerry · first_building Castle |
| 26:20 | 游樂比(ULB) · first_building Castle |
| 26:49 | TW_HIHAO · wall_segment Stone Wall x13 |
| 27:01 | TW_andy.fet · wall_segment Palisade Wall x1 |
| 27:06 | TW_HIHAO · wall_segment Stone Wall x15 |
| 27:12 | TW_HIHAO · wall_segment Stone Wall x13 |
| 27:13 | Ray.bb · first_building Barracks |
| 27:22 | TW_Mark · age_up imperial |
| 27:44 | 游樂比(ULB) · first_building Archery Range |
| 27:59 | 游樂比(ULB) · wall_segment Stone Wall x1 |
| 28:04 | YT TW_Jerry twitch.tv/twnb_jerry · age_up imperial |
| 28:20 | Ray.bb · first_building Siege Workshop |
| 28:22 | TW_andy.fet · first_market_buy 100 food |
| 28:56 | Ray.bb · age_up imperial |
| 28:59 | TW_阿倫 · first_building Barracks |
| 29:27 | Ray.bb · first_market_sell 500 wood |
| 29:32 | TW_Mark · wall_segment Stone Wall x5 |
| 29:43 | 游樂比(ULB) · age_up imperial |
| 29:52 | TW_Mark · wall_segment Stone Wall x5 |
| 30:02 | TW_Mark · first_market_buy 100 stone |
| 30:03 | TW_阿倫 · first_building Archery Range |
| 30:14 | TW_阿倫 · age_up imperial |
| 30:29 | TW_Mark · wall_segment Stone Wall x3 |
| 30:40 | TW_Mark · wall_segment Stone Wall x8 |
| 31:08 | TW_andy.fet · first_building Barracks |
| 31:27 | TW_Mark · wall_segment Stone Wall x5 |
| 31:49 | Ray.bb · first_building Stable |
| 32:00 | TW_Mark · wall_segment Stone Wall x4 |
| 32:14 | TW_andy.fet · first_building Archery Range |
| 33:30 | YT TW_Jerry twitch.tv/twnb_jerry · first_building Archery Range |
| 33:31 | TW_HIHAO · wall_segment Stone Wall x12 |
| 33:42 | TW_彰化人 · first_building Barracks |
| 34:06 | TW_HIHAO · first_building Castle |
| 34:49 | TW_andy.fet · age_up imperial |
| 34:49 | TW_彰化人 · age_up imperial |
| 35:02 | TW_阿倫 · first_building Castle |
| 37:14 | TW_阿倫 · first_building Stable |
| 38:04 | TW_HIHAO · age_up imperial |
| 40:29 | Ray.bb · first_building Monastery |
| 40:58 | TW_Mark · first_building Siege Workshop |
| 40:59 | TW_彰化人 · first_building Stable |
| 45:29 | YT TW_Jerry twitch.tv/twnb_jerry · first_market_sell 500 food |
| 46:09 | TW_彰化人 · first_building Archery Range |
| 47:44 | TW_阿倫 · wall_segment Stone Wall x17 |
| 48:55 | TW_Mark · first_building Archery Range |
| 50:31 | TW_阿倫 · wall_segment Stone Wall x9 |
| 53:25 | 游樂比(ULB) · resign |
[ AI ANALYSIS · 1 CREDIT ]
What really happened in this match?
Wolo.gg analyzes every decision: build order, eco, micro, common mistakes by bracket. Personalized analysis on WhatsApp or Discord in 30 seconds.
Civ guide
Byzantines
Perfil
Jugador #9209845